| TOP OF THE 1ST |
|
Round Rock Express batting - Pitching for Tacoma Rainiers : RHP Trevor Jacobsen
|
|
Pitching: RHP Trevor Jacobsen
|
|
|
Batting: RHB Jonathan Rangel
|
0-0: Foul Ball, location: 2F 0-1: Swinging Strike 0-2: Strikes out looking
|
|
Batting: RHB Doug Hammertime
|
0-0: Called Strike 0-1: Called Strike 0-2: Ball 1-2: Ball 2-2: Ball 3-2: Strikes out swinging
|
|
Batting: RHB Noah Stanley
|
0-0: Called Strike 0-1: SINGLE (Groundball, 56D, EV 100.0 MPH)
|
|
Batting: SHB Dan Lash
|
0-0: Ball Noah Stanley steals 2nd base 1-0: Ground out 4-3 (Groundball, 34D, EV 101.9 MPH)
|
| Top of the 1st over - 0 runs, 1 hit, 0 errors, 1 left on base; Round Rock 0 - Tacoma 0 |
| BOTTOM OF THE 1ST |
|
Tacoma Rainiers batting - Pitching for Round Rock Express : RHP Mike Powell
|
|
Pitching: RHP Mike Powell
|
|
|
Batting: LHB Addisu Nyamekye
|
0-0: Ball 1-0: Called Strike 1-1: Ball 2-1: Foul Ball, location: 2F 2-2: Foul Ball, location: 2F 2-2: Foul Ball, location: 2F 2-2: Foul Ball, location: 2F 2-2: Foul Ball, location: 2F 2-2: Strikes out swinging
|
|
Batting: SHB Isaiah Cherry
|
0-0: Ball 1-0: Swinging Strike 1-1: Swinging Strike 1-2: Ball 2-2: SOLO HOME RUN (Flyball, 89XD, EV 109.4 MPH), Distance : 410 ft
|
|
Batting: RHB Chris Skaff
|
0-0: Called Strike 0-1: Swinging Strike 0-2: Foul Ball, location: 2F 0-2: Strikes out swinging
|
|
Batting: LHB Ryan Lowe
|
0-0: Ball 1-0: Called Strike 1-1: Swinging Strike 1-2: Strikes out swinging
|
| Bottom of the 1st over - 1 run, 1 hit, 0 errors, 0 left on base; Round Rock 0 - Tacoma 1 |
| TOP OF THE 2ND |
|
Round Rock Express batting - Pitching for Tacoma Rainiers : RHP Trevor Jacobsen
|
|
Batting: RHB Jarrod Joyce
|
0-0: Called Strike 0-1: Hit by Pitch
|
|
Batting: SHB Javy Rosa
|
0-0: Ball 1-0: Swinging Strike 1-1: Fielders Choice at 2nd, 4-6 (Groundball, 4M, EV 90.6 MPH)
|
|
Batting: RHB Ivan Colon
|
0-0: Called Strike 0-1: Swinging Strike 0-2: Ball 1-2: Ball 2-2: Foul Ball, location: 2F 2-2: Strikes out swinging
|
|
Batting: RHB Adryão Anto
|
0-0: Called Strike 0-1: Fielders Choice at 2nd, 5-4 (Groundball, 56, EV 103.1 MPH)
|
| Top of the 2nd over - 0 runs, 0 hits, 0 errors, 1 left on base; Round Rock 0 - Tacoma 1 |
| BOTTOM OF THE 2ND |
|
Tacoma Rainiers batting - Pitching for Round Rock Express : RHP Mike Powell
|
|
Batting: LHB Jawad Fahad
|
0-0: SINGLE (Groundball, 5D, EV 96.2 MPH)
|
|
Batting: RHB Zach Downs
|
0-0: Ball 1-0: Ball 2-0: Foul Ball, location: 2F 2-1: Foul Ball, location: 2F 2-2: Strikes out swinging
|
|
Batting: LHB Josh Pittman
|
0-0: Called Strike 0-1: Ball 1-1: Ball 2-1: Foul Ball, location: 2F 2-2: Ball 3-2: Base on Balls Jawad Fahad to second
|
|
Batting: RHB Lamberto Amicis
|
0-0: Grounds into double play, 6-4-3 (Groundball, 6, EV 85.6 MPH)
|
| Bottom of the 2nd over - 0 runs, 1 hit, 0 errors, 1 left on base; Round Rock 0 - Tacoma 1 |
| TOP OF THE 3RD |
|
Round Rock Express batting - Pitching for Tacoma Rainiers : RHP Trevor Jacobsen
|
|
Batting: RHB Jeremy Boerman
|
0-0: Ball 1-0: Swinging Strike 1-1: Ground out 6-3 (Groundball, 6MS, EV 86.2 MPH)
|
|
Batting: RHB Jonathan Rangel
|
0-0: Ball 1-0: Ground out 6-3 (Groundball, 6, EV 100.0 MPH)
|
|
Batting: RHB Doug Hammertime
|
0-0: Foul Ball, location: 2F 0-1: Fly out, F9 (Flyball, 89S, EV 80.0 MPH)
|
| Top of the 3rd over - 0 runs, 0 hits, 0 errors, 0 left on base; Round Rock 0 - Tacoma 1 |
| BOTTOM OF THE 3RD |
|
Tacoma Rainiers batting - Pitching for Round Rock Express : RHP Mike Powell
|
|
Batting: LHB Matt Hepburn
|
0-0: Foul Ball, location: 2F 0-1: Foul Ball, location: 2F 0-2: Ball 1-2: Strikes out looking
|
|
Batting: LHB Addisu Nyamekye
|
0-0: Foul Ball, location: 2F 0-1: Ball 1-1: Ball 2-1: Ball 3-1: Called Strike 3-2: Strikes out swinging
|
|
Batting: SHB Isaiah Cherry
|
0-0: Foul Ball, location: 2F 0-1: Ball 1-1: Foul Ball, location: 2F 1-2: Strikes out swinging
|
| Bottom of the 3rd over - 0 runs, 0 hits, 0 errors, 0 left on base; Round Rock 0 - Tacoma 1 |
| TOP OF THE 4TH |
|
Round Rock Express batting - Pitching for Tacoma Rainiers : RHP Trevor Jacobsen
|
|
Batting: RHB Noah Stanley
|
0-0: Swinging Strike 0-1: Swinging Strike 0-2: Strikes out looking
|
|
Batting: SHB Dan Lash
|
0-0: Foul Ball, location: 2F 0-1: Ball 1-1: Ball 2-1: Ball 3-1: Base on Balls
|
|
Batting: RHB Jarrod Joyce
|
0-0: Called Strike 0-1: Grounds into double play, 6-4-3 (Groundball, 6, EV 105.6 MPH)
|
| Top of the 4th over - 0 runs, 0 hits, 0 errors, 0 left on base; Round Rock 0 - Tacoma 1 |
| BOTTOM OF THE 4TH |
|
Tacoma Rainiers batting - Pitching for Round Rock Express : RHP Mike Powell
|
|
Batting: RHB Chris Skaff
|
0-0: Swinging Strike 0-1: Ball 1-1: Foul Ball, location: 2F 1-2: Foul Ball, location: 2F 1-2: Fly out, F7 (Flyball, 7D, EV 88.8 MPH)
|
|
Batting: LHB Ryan Lowe
|
0-0: Swinging Strike 0-1: Ball 1-1: Ball 2-1: Foul Ball, location: 2F 2-2: Ball 3-2: Foul Ball, location: 2F 3-2: Foul Ball, location: 2F 3-2: Base on Balls
|
|
Batting: LHB Jawad Fahad
|
0-0: Called Strike 0-1: Foul Ball, location: 2F 0-2: Strikes out looking
|
|
Batting: RHB Zach Downs
|
0-0: Ball 1-0: Foul Ball, location: 2F 1-1: Swinging Strike 1-2: Strikes out swinging
|
| Bottom of the 4th over - 0 runs, 0 hits, 0 errors, 1 left on base; Round Rock 0 - Tacoma 1 |
| TOP OF THE 5TH |
|
Round Rock Express batting - Pitching for Tacoma Rainiers : RHP Trevor Jacobsen
|
|
Batting: SHB Javy Rosa
|
0-0: Foul Ball, location: 2F 0-1: Ball 1-1: Ball 2-1: Foul Ball, location: 2F 2-2: Ball 3-2: Ground out 1-3 (Groundball, 25, EV 64.4 MPH)
|
|
Batting: RHB Ivan Colon
|
0-0: Fly out, F9 (Flyball, 89S, EV 75.6 MPH)
|
|
Batting: RHB Adryão Anto
|
0-0: Ball 1-0: Ball 2-0: Called Strike 2-1: Foul Ball, location: 2F 2-2: Ball 3-2: Base on Balls
|
|
Batting: RHB Jeremy Boerman
|
0-0: Ball 1-0: Foul Ball, location: 2F 1-1: Ball 2-1: SINGLE (Line Drive, 7S, EV 98.8 MPH) Adryão Anto to second
|
|
Batting: RHB Jonathan Rangel
|
0-0: Ball 1-0: Ball 2-0: Ball 3-0: Base on Balls Adryão Anto to third Jeremy Boerman to second
|
|
Batting: RHB Doug Hammertime
|
0-0: Ground out U3 (Groundball, 34S, EV 78.1 MPH)
|
| Top of the 5th over - 0 runs, 1 hit, 0 errors, 3 left on base; Round Rock 0 - Tacoma 1 |
| BOTTOM OF THE 5TH |
|
Tacoma Rainiers batting - Pitching for Round Rock Express : RHP Mike Powell
|
|
Batting: LHB Josh Pittman
|
0-0: Ball 1-0: Ground out U3 (Groundball, 34, EV 85.0 MPH)
|
|
Batting: RHB Lamberto Amicis
|
0-0: Ground out 5-3 (Groundball, 5, EV 114.4 MPH)
|
|
Batting: LHB Matt Hepburn
|
0-0: Ball 1-0: Foul Ball, location: 2F 1-1: Called Strike 1-2: Strikes out swinging
|
| Bottom of the 5th over - 0 runs, 0 hits, 0 errors, 0 left on base; Round Rock 0 - Tacoma 1 |
| TOP OF THE 6TH |
|
Round Rock Express batting - Pitching for Tacoma Rainiers : RHP Trevor Jacobsen
|
|
Batting: RHB Noah Stanley
|
0-0: Ball 1-0: SINGLE (Groundball, 4MD, EV 94.4 MPH)
|
|
Batting: SHB Dan Lash
|
0-0: Called Strike 0-1: Swinging Strike 0-2: Ball 1-2: Strikes out looking
|
|
Pinch Hitting: SHB Pat Wilson
|
0-0: Called Strike Noah Stanley steals 2nd base 0-1: Ball 1-1: Fly out, F5 (Popup, 56, EV 63.1 MPH)
|
|
Batting: SHB Javy Rosa
|
0-0: Foul Ball, location: 2F 0-1: Called Strike 0-2: Ball 1-2: Ground out 4-3 (Groundball, 4, EV 105.6 MPH)
|
| Top of the 6th over - 0 runs, 1 hit, 0 errors, 1 left on base; Round Rock 0 - Tacoma 1 |
| BOTTOM OF THE 6TH |
|
Tacoma Rainiers batting - Pitching for Round Rock Express : RHP Mike Powell
|
|
Now at 3B: Ivan Colon
|
|
|
Now at SS: Masashi Yukizawa
|
|
|
Batting: LHB Addisu Nyamekye
|
0-0: Foul Ball, location: 2F 0-1: Called Strike 0-2: Strikes out looking
|
|
Batting: SHB Isaiah Cherry
|
0-0: Ball 1-0: Foul Ball, location: 2F 1-1: Swinging Strike 1-2: Strikes out looking
|
|
Batting: RHB Chris Skaff
|
0-0: Ball 1-0: Ball 2-0: Ball 3-0: Base on Balls
|
|
Batting: LHB Ryan Lowe
|
0-0: Swinging Strike 0-1: Swinging Strike 0-2: Ball 1-2: Foul Ball, location: 2F 1-2: Strikes out swinging
|
| Bottom of the 6th over - 0 runs, 0 hits, 0 errors, 1 left on base; Round Rock 0 - Tacoma 1 |
| TOP OF THE 7TH |
|
Round Rock Express batting - Pitching for Tacoma Rainiers : RHP Trevor Jacobsen
|
|
Batting: RHB Ivan Colon
|
0-0: Called Strike 0-1: Swinging Strike 0-2: Ball 1-2: Ball 2-2: Foul Ball, location: 2F 2-2: SOLO HOME RUN (Flyball, 89XD, EV 105.6 MPH), Distance : 417 ft
|
|
Pitching: RHP Tyler Rayner
|
|
|
Batting: RHB Adryão Anto
|
0-0: Foul Ball, location: 2F 0-1: Ball 1-1: Ball 2-1: Ball 3-1: Foul Ball, location: 2F 3-2: Ground out 5-3 (Groundball, 56, EV 96.2 MPH)
|
|
Batting: RHB Jeremy Boerman
|
0-0: Ball 1-0: Fly out, F8 (Flyball, 8LM, EV 81.9 MPH)
|
|
Pinch Hitting: LHB Barend van der Kamp
|
0-0: Fly out, F7 (Line Drive, 7S, EV 91.9 MPH)
|
| Top of the 7th over - 1 run, 1 hit, 0 errors, 0 left on base; Round Rock 1 - Tacoma 1 |
| BOTTOM OF THE 7TH |
|
Tacoma Rainiers batting - Pitching for Round Rock Express : RHP Mike Powell
|
|
Now in LF: Javy Rosa
|
|
|
Now in RF: Barend van der Kamp
|
|
|
Batting: LHB Jawad Fahad
|
0-0: Called Strike 0-1: Swinging Strike 0-2: Ball 1-2: Foul Ball, location: 2F 1-2: Fly out, F9 (Flyball, 9LD, EV 102.5 MPH)
|
|
Batting: RHB Zach Downs
|
0-0: Ball 1-0: Ball 2-0: Foul Ball, location: 2F 2-1: Ball 3-1: Swinging Strike 3-2: Base on Balls
|
|
Pitching: LHP Jordan Ruiz
|
|
|
Batting: LHB Josh Pittman
|
0-0: Swinging Strike 0-1: Swinging Strike 0-2: Ball 1-2: Foul Ball, location: 2F 1-2: Strikes out looking
|
|
Batting: RHB Lamberto Amicis
|
0-0: Foul Ball, location: 2F 0-1: Ball 1-1: Fielders Choice at 2nd, 5-4 (Groundball, 56, EV 85.6 MPH)
|
| Bottom of the 7th over - 0 runs, 0 hits, 0 errors, 1 left on base; Round Rock 1 - Tacoma 1 |
| TOP OF THE 8TH |
|
Round Rock Express batting - Pitching for Tacoma Rainiers : RHP Tyler Rayner
|
|
Batting: RHB Doug Hammertime
|
0-0: Foul Ball, location: 2F 0-1: SINGLE (Line Drive, 3D, EV 98.1 MPH)
|
|
Pinch Hitting: LHB Cooper Broomhall
|
0-0: Called Strike 0-1: TRIPLE (Line Drive, 89XD, EV 104.4 MPH) Doug Hammertime scores
|
|
Batting: SHB Dan Lash
|
0-0: Intentional Walk
|
|
Batting: RHB Masashi Yukizawa
|
0-0: Ground out 6-3 (Groundball, 6S, EV 65.6 MPH) Dan Lash to second
|
|
Batting: SHB Javy Rosa
|
0-0: Intentional Walk
|
|
Batting: RHB Ivan Colon
|
0-0: Fly out, F8 (Flyball, 8LS, EV 93.1 MPH)
|
|
Batting: RHB Adryão Anto
|
0-0: Ball 1-0: Fly out, F3 (Line Drive, 3L, EV 75.0 MPH)
|
| Top of the 8th over - 1 run, 2 hits, 0 errors, 3 left on base; Round Rock 2 - Tacoma 1 |
| BOTTOM OF THE 8TH |
|
Tacoma Rainiers batting - Pitching for Round Rock Express : LHP Jordan Ruiz
|
|
Now at 2B: Ryan Kinkead
|
|
|
Pinch Hitting: RHB Marco Diaz
|
0-0: Called Strike 0-1: Fly out, F9 (Flyball, 9LS, EV 89.4 MPH)
|
|
Batting: LHB Addisu Nyamekye
|
0-0: Called Strike 0-1: Ball 1-1: Called Strike 1-2: Fly out, F8 (Line Drive, 89D, EV 91.2 MPH)
|
|
Batting: SHB Isaiah Cherry
|
0-0: SOLO HOME RUN (Flyball, 7D, EV 95.0 MPH), Distance : 378 ft
|
|
Batting: RHB Chris Skaff
|
0-0: Called Strike 0-1: Fly out, F8 (Flyball, 89D, EV 90.6 MPH)
|
| Bottom of the 8th over - 1 run, 1 hit, 0 errors, 0 left on base; Round Rock 2 - Tacoma 2 |
| TOP OF THE 9TH |
|
Round Rock Express batting - Pitching for Tacoma Rainiers : RHP Tyler Rayner
|
|
Now in CF: Hideo Okimura
|
|
|
Batting: RHB Jeremy Boerman
|
0-0: Called Strike 0-1: Swinging Strike 0-2: Ball 1-2: Ball 2-2: Ground out 5-3 (Groundball, 56S, EV 66.2 MPH)
|
|
Batting: LHB Barend van der Kamp
|
0-0: Ball 1-0: Foul Ball, location: 2F 1-1: Ball 2-1: Swinging Strike 2-2: Strikes out swinging
|
|
Batting: RHB Doug Hammertime
|
0-0: Called Strike 0-1: Ball 1-1: Swinging Strike 1-2: Strikes out swinging
|
| Top of the 9th over - 0 runs, 0 hits, 0 errors, 0 left on base; Round Rock 2 - Tacoma 2 |
| BOTTOM OF THE 9TH |
|
Tacoma Rainiers batting - Pitching for Round Rock Express : LHP Jordan Ruiz
|
|
Batting: RHB Steve Martin
|
0-0: Ball 1-0: Called Strike 1-1: Called Strike 1-2: Strikes out swinging
|
|
Batting: LHB Jawad Fahad
|
0-0: Ground out 6-3 (Groundball, 6, EV 106.2 MPH)
|
|
Batting: RHB Zach Downs
|
0-0: Ball 1-0: SINGLE (Groundball, 5D, EV 97.5 MPH)
|
|
Pinch Hitting: RHB Max Schellekens
|
0-0: Called Strike 0-1: Ball 1-1: Ball 2-1: Ball 3-1: Called Strike 3-2: Base on Balls Zach Downs to second
|
|
Batting: RHB Lamberto Amicis
|
0-0: SINGLE (Groundball, 34S, EV 73.8 MPH) (infield hit) Zach Downs to third Max Schellekens to second
|
|
Batting: RHB Hideo Okimura
|
0-0: Foul Ball, location: 2F 0-1: Ball 1-1: Called Strike 1-2: Foul Ball, location: 2F 1-2: SINGLE (Groundball, 56D, EV 96.9 MPH) Zach Downs scores
|
| Bottom of the 9th over - 1 run, 3 hits, 0 errors, 2 left on base; Round Rock 2 - Tacoma 3 |
|